 Dungeon Crawl Stone Soup version 0.30-a0-141-g30f27751c5 (webtiles) character file.

Game seed: 13183840898095440229

149 pokeman the Magician (level 5, 0/29 HPs)
             Began as a Deep Elf Hedge Wizard on Sept 25, 2022.
             Slain by an iguana (7 damage)
             ... on level 4 of the Dungeon.
             The game lasted 00:05:46 (3997 turns).

pokeman the Magician (Deep Elf Hedge Wizard)        Turns: 3997, Time: 00:05:47

Health: 0/29       AC:  3    Str:  7    XL:     5   Next: 9%
Magic:  0/15       EV: 12    Int: 21    God:
Gold:   150        SH:  0    Dex: 14    Spells: 6/16 levels left

rFire   . . .      SeeInvis .    f - +0 short sword
rCold   . . .      Faith    .    (no shield)
rNeg    . . .      Spirit   .    r - +0 leather armour
rPois   .          Reflect  .    c - +0 hat
rElec   .          Harm     .    (no cloak)
rCorr   +          Rampage  .    (no gloves)
Will    .....                    (no boots)
Stlth   ++........               t - amulet of the acrobat
HPRegen 0.09/turn                s - ring of resist corrosion
MPRegen 0.14/turn                (no ring)

@: no status effects
A: no striking features
a: no special abilities


You were on level 4 of the Dungeon.
You visited 1 branch of the dungeon, and saw 4 of its levels.

You collected 150 gold pieces.

Inventory:

Hand Weapons
 f - a +0 short sword (weapon)
 k - a +0 sling
Armour
 a - a +0 buckler
 c - a +0 hat (worn)
 r - a +0 leather armour (worn)
Jewellery
 s - a ring of resist corrosion (left hand)
 t - an amulet of the acrobat (around neck)
Scrolls
 g - 2 scrolls of enchant armour {unknown}
 h - a scroll of blinking {unknown}
 j - 4 scrolls of identify {unknown}
 m - 3 scrolls of fog {unknown}
 n - a scroll of immolation {unknown}
 v - a scroll of teleportation {unknown}
 w - a scroll of poison {unknown}
Potions
 b - a potion of degeneration {unknown}
 d - a potion of magic
 e - a potion of ambrosia {unknown}
 i - 2 potions of attraction {unknown}
 l - 4 potions of curing {unknown}
 o - a potion of heal wounds {unknown}
 p - a potion of mutation {unknown}
 q - 3 potions of berserk rage {unknown}
 u - a potion of lignification {unknown}


   Skills:
 - Level 1.1 Fighting
 - Level 1.0 Armour
 + Level 2.9 Dodging
 - Level 2.4 Stealth
 + Level 0.8 Shields
 * Level 6.0 Spellcasting
 + Level 2.5 Conjurations
 - Level 1.1 Summonings
 - Level 1.1 Translocations


You had 6 spell levels left.
You knew the following spells:

 Your Spells              Type           Power      Damage    Failure   Level
a - Magic Dart            Conj           64%        1d6       4%          1
b - Mephitic Cloud        Conj/Pois/Air  9%         N/A       30%         3
c - Call Imp              Summ           11%        N/A       14%         2
d - Blink                 Tloc           22%        N/A       14%         2
e - Cigotuvi's Dreadful   Necr/Pois/Air  12%        N/A       22%         2

Your spell library contained the following spells:

 Spells                   Type           Power      Damage    Failure   Level
 Slow                     Hex            24%        N/A       14%         1
 Gell's Gravitas          Tloc           11%        N/A       26%         3
 Lesser Beckoning         Tloc           11%        N/A       26%         3
 Teleport Other           Tloc           11%        N/A       26%         3


Dungeon Overview and Level Annotations

Branches:
Dungeon (4/15)
 Temple: D:4-7

Altars:
Elyvilon

Annotations:
D:4 Edmund


Message History

The iguana bites you!
* * * LOW HITPOINT WARNING * * *
Casting: Magic Dart (safe; 4% risk of failure)
Confirm with . or Enter, or press ? or * to list all spells.
Aiming: Magic Dart (safe; 4% risk of failure)
Press: ? - help, Shift-Dir - straight line, f/p - iguana
Aim: an iguana (almost dead, 100% to hit)
The magic dart hits the iguana.
The iguana is almost dead.
The iguana bites you but does no damage.
Unknown command.
Casting: Magic Dart (safe; 4% risk of failure)
Confirm with . or Enter, or press ? or * to list all spells.
Aiming: Magic Dart (safe; 4% risk of failure)
Press: ? - help, Shift-Dir - straight line, f/p - iguana
Aim: an iguana (almost dead, 100% to hit)
The magic dart hits the iguana but does no damage.
The iguana is almost dead.
The iguana closely misses you.
Unknown command.
The iguana attacks as you move away! The iguana closely misses you.
The iguana attacks as you move away! The iguana closely misses you.
The iguana attacks as you move away! The iguana closely misses you.
A quokka and an adder come into view.
The adder hisses angrily.
Casting: Magic Dart (safe; 4% risk of failure)
Confirm with . or Enter, or press ? or * to list all spells.
Aiming: Magic Dart (safe; 4% risk of failure)
Press: ? - help, Shift-Dir - straight line, f/p - iguana
Aim: an iguana (almost dead, 100% to hit)
The magic dart hits the iguana but does no damage.
The iguana is almost dead.
The iguana barely misses you.
Unknown command.
Your magical contamination has completely faded away.
The iguana closely misses you.
There is a stone staircase leading up here.
The iguana hisses menacingly.
The iguana bites you!
You die...

.......#...##
............### #.
#.....<......###..
.......#..........
....... #....#...
...... ...##..
#....#..# ..... ..
#...#.......# .... .
..>.........# ...
.... #.r...@## ..#
.... ##....l..# ..##
#...S..#.##...####
.....#...##.........
.... #..............
... #.........[....
......#.######......
.....###. ......
....# .# .....@


You could see an iguana, an adder and a quokka.

Vanquished Creatures
  An iguana (D:3)
  5 adders
  A worm (D:2)
  10 endoplasms
  5 giant cockroaches
  6 goblins
  6 hobgoblins
  2 jackals (D:3)
  5 kobolds
  4 quokkas
  6 ball pythons
  6 bats
  3 frilled lizards
  10 rats
70 creatures vanquished.

Notes
Turn   | Place    | Note
-------+----------+-------------------------------------------
     0 | D:1      | pokeman the Deep Elf Hedge Wizard began the quest for the
                  | Orb.
     0 | D:1      | Reached XP level 1. HP: 10/10 MP: 7/7
   245 | D:1      | Reached XP level 2. HP: 14/16 MP: 1/9
   688 | D:1      | Reached skill level 5 in Spellcasting
   903 | D:1      | Reached XP level 3. HP: 20/20 MP: 9/11
   907 | D:1      | Learned a level 3 spell: Mephitic Cloud
   911 | D:1      | Learned a level 2 spell: Call Imp
   914 | D:1      | Learned a level 2 spell: Blink
   917 | D:1      | Learned a level 2 spell: Cigotuvi's Dreadful Rot
  1414 | D:2      | Reached skill level 1 in Fighting
  1660 | D:2      | Reached skill level 1 in Armour
  1873 | D:2      | Reached XP level 4. HP: 25/25 MP: 10/13
  2363 | D:2      | Found a faded altar of an unknown god.
  2621 | D:3      | Found a white marble altar of Elyvilon.
  3414 | D:3      | Reached skill level 6 in Spellcasting
  3414 | D:3      | Reached XP level 5. HP: 15/29 MP: 1/15
  3967 | D:4      | Noticed Edmund
  3997 | D:4      | Slain by an iguana

Illustrated notes

Levels and vault maps discovered:
D:1:      onia_arrival_handbag, layout_basic, grunt_decor_resistance,
          st_stairs_2, minmay_stone_trees_small, grunt_decor_cap
D:2:      layout_basic, hellmonk_ecumenical_altar_slurped_away,
          minmay_pentomino_pile
D:3:      layout_loops_ring, elyvilon_altar_1
D:4:      layout_layer_cave, uniq_robin, uniq_natasha, uniq_edmund, uniq_ijyb

Skill      XL: |  1  2  3  4 |
---------------+-------------+-----
Spellcasting   | 5 6 |  6.0
Fighting       | 1 |  1.1
Armour         | 1 |  1.0
Conjurations   | 2 |  2.5
Dodging        | |  2.9
Stealth        | |  2.4
Shields        | |  0.8
Summonings     | |  1.1
Translocations | |  1.1

Action                   |  1- 3 |  4- 6 || total
-------------------------+-------+-------++-------
Melee: Dagger            |    10 |       ||    10
       Punch             |     1 |       ||     1
       Short sword       |     3 |     7 ||    10
 Cast: Magic Dart        |   117 |    88 ||   205
       Call Imp          |       |     4 ||     4
       Blink             |       |     1 ||     1
 Stab: Sleeping          |     1 |       ||     1
Armor: Robe              |     8 |       ||     8
       Leather armour    |       |     7 ||     7
Dodge: Dodged            |    16 |    38 ||    54

Table legend: (Time is in decaauts)
 A = Elapsed time spent in this place.
 B = Non-inter-level travel time spent in this place.
 C = Inter-level travel time spent in this place.
 D = Time resting spent in this place.
 E = Time spent auto-exploring this place.
 F = Levels seen in this place.
 G = Mean time per level.
                   A        B        C        D        E       F      G
               +--------+--------+--------+--------+--------+-----+--------+
         Total |   3997 |   3883 |    114 |    270 |   3120 |   4 |  999.2 |
       Dungeon |   3997 |   3883 |    114 |    270 |   3120 |   4 |  999.2 |
               +--------+--------+--------+--------+--------+-----+--------+

Top non-repeatable levels by time:
     D:3: 1335 daAuts
     D:1: 1312 daAuts
     D:2: 1308 daAuts
     D:4: 41 daAuts
